Capitals vs Bruins

Created - 7 décembre 2020 at 20:45

Goals
1 2 3 T
Capitals 1 0 0 1
Bruins 2 0 1 3
Shots
1 2 3 T
Capitals 13 9 9 31
Bruins 8 8 11 27

1st period

1. Capitals , Casey Mittelstadt 3 (Kevin Labanc 4, Josh Anderson 5) at 3:58
2. Bruins , Tyler Bertuzzi 8 (Kailer Yamamoto 2, Brett Pesce 8) at 6:26 (PP)
3. Bruins , Jonathon Merrill 2 (Tanner Fritz 3, Michael Frolik 5) at 15:46

Penalties :
Alex Iafallo (BOS) for Holding Stick (Minor) at 1:46, Bobby Ryan (WSH) for Tripping (Minor) at 5:54, Nicolas Aube-Kubel (BOS) for Hooking (Minor) at 8:00, Riley Stillman (WSH) for High sticking (Minor) at 8:00

2nd period

No Goal

Penalties :
Nicolas Aube-Kubel (BOS) for Roughing (Minor) at 9:35, Brian Dumoulin (BOS) for Holding (Minor) at 15:12, Josh Anderson (WSH) for Hooking (Minor) at 17:50

3rd period

4. Bruins , Alex Iafallo 9 (Jonathon Merrill 5, Markus Nutivaara 3) at 19:42

Penalties :
Michael Del Zotto (WSH) for Roughing (Minor) at 3:43, Vladimir Sobotka (BOS) for Roughing (Minor) at 7:26, Brendan Lemieux (BOS) for Hooking (Minor) at 14:40

Goalie Stats

Pekka Rinne (WSH), 24 saves from 27 shots - (0,889), L, 4-9-2, 60:00 minutes
Michael Hutchinson (BOS), 17 saves from 18 shots - (0,944), W, 4-5-0, 34:22 minutes
Tristan Jarry (BOS), 13 saves from 13 shots - (1,000), 25:38 minutes

Players Stats for Capitals

Player Name              G  A  P  +/- PIM S  H  SB GA TA FO     MP     PP MP  PK MP  
------------------------------------------------------------------------------------
Bobby Ryan               0  0  0   0  2   2  5  0  0  0  3/4    18:51   5:22   0:59 
Brandon Montour          0  0  0  -1  0   1  2  1  0  0  0/0    25:18   4:48   1:57 
Brett Kulak              0  0  0   0  0   1  0  1  0  0  0/0    15:01   0:28   0:31 
Casey Mittelstadt        1  0  1   1  0   3  0  0  0  0  6/15   13:57   0:00   0:31 
Chandler Stephenson      0  0  0  -1  0   2  1  0  0  0  2/4     4:04   0:00   0:00 
David Kampf              0  0  0  -1  0   4  0  1  0  0  2/4    19:16   4:33   0:31 
Jason Dickinson          0  0  0  -1  0   4  1  0  0  0  14/19  20:21   4:33   0:59 
Jonas Siegenthaler       0  0  0   0  0   0  0  1  0  0  0/0    13:52   0:00   0:58 
Josh Anderson            0  1  1   1  2   0  4  0  0  0  1/3    13:25   0:00   0:00 
Kaapo Kakko              0  0  0   0  0   0  0  0  0  0  1/1     0:42   0:42   0:00 
Kevin Labanc             0  1  1   1  0   1  1  0  0  0  1/1    13:26   0:00   0:00 
Kris Russell             0  0  0   0  0   1  5  0  0  0  0/0    21:20   4:39   2:33 
Michael Del Zotto        0  0  0  -1  2   1  5  1  0  0  0/0    24:47   5:16   0:59 
Mikael Granlund          0  0  0  -1  0   5  1  1  0  0  4/30   25:00   4:40   3:00 
Reilly Smith             0  0  0   0  0   3  1  0  0  0  1/1    21:38   5:22   3:00 
Riley Stillman           0  0  0   0  2   0  1  1  0  0  0/0    19:40   4:39   2:02 
Vinnie Hinostroza        0  0  0  -1  0   0  1  0  0  0  0/0     4:04   0:00   0:00 
Wayne Simmonds           0  0  0  -1  0   3  2  0  0  0  0/1    18:45   4:33   0:00 

Players Stats for Bruins

Player Name              G  A  P  +/- PIM S  H  SB GA TA FO     MP     PP MP  PK MP  
------------------------------------------------------------------------------------
Adam Henrique            0  0  0   0  0   3  1  0  0  0  23/33  23:42   1:43   6:44 
Alex Iafallo             1  0  1   1  2   3  0  1  0  0  0/1    13:47   0:48   2:54 
Antoine Roussel          0  0  0   0  0   0  0  0  0  0  0/1     8:47   0:00   0:03 
Brady Skjei              0  0  0   0  0   0  2  3  0  0  0/0    24:33   2:12   5:32 
Brendan Lemieux          0  0  0   1  2   1  0  0  0  0  1/2    18:24   1:59   5:00 
Brett Pesce              0  1  1   0  0   0  2  3  0  0  0/0    22:47   1:43   4:44 
Brian Dumoulin           0  0  0   0  2   2  1  0  0  0  0/0    23:31   2:36   4:07 
Jayson Megna             0  0  0   0  0   4  0  0  0  0  0/0    13:36   2:11   0:26 
Jonathon Merrill         1  1  2   1  0   1  1  0  0  0  0/0    13:22   0:47   0:09 
Jordan Oesterle          0  0  0   0  0   1  0  1  0  0  0/0    21:52   1:42   3:50 
Kailer Yamamoto          0  1  1   0  0   0  1  0  0  0  0/1    16:37   2:19   0:00 
Markus Nutivaara         0  1  1   1  0   1  0  0  0  0  0/0    13:54   0:00   1:28 
Michael Frolik           0  1  1   0  0   1  0  1  0  0  0/0     8:44   0:00   0:00 
Nicolas Aube-Kubel       0  0  0   0  4   0  3  0  0  0  0/0     9:37   0:00   0:00 
Radek Faksa              0  0  0   0  0   3  0  0  0  0  13/20  16:23   2:11   2:42 
Tanner Fritz             0  1  1   0  0   0  0  1  0  0  5/9     8:44   0:00   0:00 
Tyler Bertuzzi           1  0  1   0  0   7  0  0  0  0  1/2    17:34   2:19   0:00 
Vladimir Sobotka         0  0  0   1  2   0  1  0  0  0  5/14   12:06   0:00   2:01 

3 Stars

1 - Jonathon Merrill (BOS)
2 - Tyler Bertuzzi (BOS)
3 - Brett Pesce (BOS)

Power Play

Capitals - 0 on 5 Attempt(s) - 0,00%
Bruins - 1 on 3 Attempt(s) - 33,33%

Penalty Kill

Capitals - 2 on 3 Attempt(s) - 66,67% - Score 0 goal in Penalty Kill
Bruins - 5 on 5 Attempt(s) - 100,00% - Score 0 goal in Penalty Kill

Team Stat

Capitals - Hits : 30 - Faceoff Wins : 35 - Blocked Shots : 7 - Penalty Minutes : 8
Bruins - Hits : 12 - Faceoff Wins : 48 - Blocked Shots : 10 - Penalty Minutes : 12

Official

Referees : Chris Schlenker and Justin Kea
Linesman : Shaun Morgan and Jeff Walker

Game Notes

Michael Hutchinson is injured at 14:22 of 2nd period (Bruised Left Shoulder)
Tristan Jarry enters game at 14:22 of 2nd period

Finance

Level 1 -- Attendance: 5709 (95,15%) -- Ticket Income 673 662 $
Level 2 -- Attendance: 5000 (100,00%) -- Ticket Income 375 000 $
Level 3 -- Attendance: 3216 (91,89%) -- Ticket Income 154 368 $
Level 4 -- Attendance: 3007 (94,56%) -- Ticket Income 90 210 $
Luxury Box -- Attendance: 1000 (100,00%) -- Ticket Income 211 000 $
Game was played at the TD Garden.
Total Attendance: 17932 (96,00%)
Total Ticket Income: 1 504 240 $
Other Income: 737 078 $
Total Income: 2 241 318 $

% Time on Ice - Capitals

Lines # - Real PCT - Wanted PCT - Time Play
Normal Forward
1 - 27% - 40% - 11:54
2 - 33% - 30% - 14:12
3 - 31% - 20% - 13:26
4 - 9% - 10% - 4:04
Normal Defense
1 - 37% - 40% - 16:10
2 - 30% - 30% - 13:00
3 - 30% - 20% - 12:54
4 - 4% - 10% - 1:32
PP Forward
1 - 54% - 60% - 5:22
2 - 46% - 40% - 4:33
PP Defense
1 - 53% - 60% - 5:16
2 - 47% - 40% - 4:39
PK Forward
1 - 78% - 60% - 3:31
2 - 22% - 40% - 0:59
PK Defense
1 - 55% - 60% - 2:28
2 - 45% - 40% - 2:02
PK3 Forward
1 - 0% - 60%
2 - 0% - 40%
PK3 Defense
1 - 0% - 60%
2 - 0% - 40%
44 Forward
1 - 69% - 60% - 1:22
2 - 31% - 40% - 0:37
44 Defense
1 - 43% - 60% - 0:51
2 - 57% - 40% - 1:08
Last Minute Offensive  - 0:00
Last Minute Defensive  - 0:00
Total
Forward - 60:00
Defense - 60:00

% Time on Ice - Bruins

Lines # - Real PCT - Wanted PCT - Time Play
Normal Forward
1 - 32% - 40% - 13:47
2 - 25% - 30% - 10:59
3 - 22% - 20% - 9:39
4 - 20% - 10% - 8:44
Normal Defense
1 - 36% - 40% - 15:23
2 - 35% - 30% - 15:06
3 - 28% - 20% - 11:59
4 - 2% - 10% - 0:41
PP Forward
1 - 51% - 60% - 2:19
2 - 49% - 40% - 2:11
PP Defense
1 - 62% - 60% - 2:48
2 - 38% - 40% - 1:42
PK Forward
1 - 73% - 60% - 7:13
2 - 27% - 40% - 2:42
PK Defense
1 - 57% - 60% - 5:41
2 - 43% - 40% - 4:14
PK3 Forward
1 - 0% - 60%
2 - 0% - 40%
PK3 Defense
1 - 0% - 60%
2 - 0% - 40%
44 Forward
1 - 74% - 60% - 1:28
2 - 26% - 40% - 0:31
44 Defense
1 - 38% - 60% - 0:45
2 - 62% - 40% - 1:14
Last Minute Offensive  - 0:00
Last Minute Defensive  - 0:27
Total
Forward - 60:00
Defense - 60:00

Play-by-Play

1st period


0:01 of 1st period - Adam Henrique wins face-off versus Mikael Granlund in neutral zone.
0:14 of 1st period - Shot by Reilly Smith.
0:14 of 1st period - Shot Misses the Net.
0:24 of 1st period - Shot by Kailer Yamamoto.
0:24 of 1st period - Shot Blocked by Brandon Montour.
0:34 of 1st period - Brady Skjei is hit by Bobby Ryan and loses puck.
0:45 of 1st period - Brady Skjei is hit by Bobby Ryan and loses puck.
1:41 of 1st period - Icing by Casey Mittelstadt.
1:42 of 1st period - Casey Mittelstadt wins face-off versus Vladimir Sobotka in Capitals zone.
1:46 of 1st period - Minor Penalty to Alex Iafallo for Holding Stick.
1:47 of 1st period - Adam Henrique wins face-off versus Mikael Granlund in Bruins zone.
2:32 of 1st period - Shot by David Kampf.
2:32 of 1st period - Stopped by Michael Hutchinson with a rebound.
2:34 of 1st period - Shot by Jason Dickinson.
2:34 of 1st period - Stopped by Michael Hutchinson with a rebound.
2:40 of 1st period - Shot by Wayne Simmonds.
2:40 of 1st period - Deflect By David Kampf.
2:40 of 1st period - Stopped by Michael Hutchinson with a rebound.
2:42 of 1st period - Shot by Wayne Simmonds.
2:42 of 1st period - Shot Misses the Net.
2:44 of 1st period - Shot by Jason Dickinson.
2:44 of 1st period - Stopped by Michael Hutchinson without a rebound.
2:45 of 1st period - Brendan Lemieux wins face-off versus Jason Dickinson in Bruins zone.
2:56 of 1st period - Shot by Jason Dickinson.
2:56 of 1st period - Stopped by Michael Hutchinson without a rebound.
2:57 of 1st period - Adam Henrique wins face-off versus Mikael Granlund in Bruins zone.
3:53 of 1st period - Kevin Labanc is hit by Jonathon Merrill and loses puck.
3:58 of 1st period - Shot by Casey Mittelstadt.
3:58 of 1st period - Goal by Casey Mittelstadt - Capitals : 1 - Bruins : 0.
3:59 of 1st period - Vladimir Sobotka wins face-off versus Casey Mittelstadt in neutral zone.
4:02 of 1st period - Shot by Alex Iafallo.
4:02 of 1st period - Shot Misses the Net.
4:09 of 1st period - Kevin Labanc is hit by Brett Pesce and loses puck.
4:23 of 1st period - Off-side.
4:24 of 1st period - Jason Dickinson wins face-off versus Tanner Fritz in neutral zone.
5:54 of 1st period - Minor Penalty to Bobby Ryan for Tripping.
5:55 of 1st period - Adam Henrique wins face-off versus Mikael Granlund in Capitals zone.
6:26 of 1st period - Shot by Tyler Bertuzzi.
6:26 of 1st period - Goal by Tyler Bertuzzi - Capitals : 1 - Bruins : 1.
6:27 of 1st period - Jason Dickinson wins face-off versus Brendan Lemieux in neutral zone.
6:30 of 1st period - Shot by David Kampf.
6:30 of 1st period - Stopped by Michael Hutchinson without a rebound.
6:31 of 1st period - Casey Mittelstadt wins face-off versus Radek Faksa in Bruins zone.
6:53 of 1st period - Icing by Kevin Labanc.
6:54 of 1st period - Adam Henrique wins face-off versus Casey Mittelstadt in Capitals zone.
7:01 of 1st period - Josh Anderson is hit by Adam Henrique and loses puck.
7:06 of 1st period - Shot by Tyler Bertuzzi.
7:06 of 1st period - Stopped by Pekka Rinne without a rebound.
7:07 of 1st period - Jason Dickinson wins face-off versus Vladimir Sobotka in Capitals zone.
7:07 of 1st period - Jason Dickinson is hit by Nicolas Aube-Kubel.
7:28 of 1st period - David Kampf is hit by Brady Skjei and loses puck.
7:31 of 1st period - Shot by David Kampf.
7:31 of 1st period - Shot Misses the Net.
7:37 of 1st period - Shot by Wayne Simmonds.
7:37 of 1st period - Stopped by Michael Hutchinson with a rebound.
7:45 of 1st period - Shot by David Kampf.
7:45 of 1st period - Shot Blocked by Brady Skjei.
8:00 of 1st period - Minor Penalty to Nicolas Aube-Kubel for Hooking.
8:00 of 1st period - Minor Penalty to Riley Stillman for High sticking.
8:01 of 1st period - Reilly Smith wins face-off versus Adam Henrique in Capitals zone.
8:47 of 1st period - Icing by Jordan Oesterle.
8:48 of 1st period - Adam Henrique wins face-off versus Bobby Ryan in Bruins zone.
8:50 of 1st period - Icing by Tyler Bertuzzi.
8:51 of 1st period - Adam Henrique wins face-off versus Mikael Granlund in Bruins zone.
9:14 of 1st period - Shot by Mikael Granlund.
9:14 of 1st period - Stopped by Michael Hutchinson without a rebound.
9:15 of 1st period - Bobby Ryan wins face-off versus Radek Faksa in Bruins zone.
9:24 of 1st period - Shot by Jason Dickinson.
9:24 of 1st period - Stopped by Michael Hutchinson without a rebound.
9:25 of 1st period - Bobby Ryan wins face-off versus Kailer Yamamoto in Bruins zone.
9:45 of 1st period - Off-side.
9:46 of 1st period - Adam Henrique wins face-off versus Mikael Granlund in neutral zone.
10:23 of 1st period - Shot by Alex Iafallo.
10:23 of 1st period - Shot Misses the Net.
10:32 of 1st period - Icing by Markus Nutivaara.
10:33 of 1st period - Bobby Ryan wins face-off versus Vladimir Sobotka in Bruins zone.
10:42 of 1st period - Shot by Bobby Ryan.
10:42 of 1st period - Stopped by Michael Hutchinson without a rebound.
10:43 of 1st period - Adam Henrique wins face-off versus David Kampf in Bruins zone.
10:43 of 1st period - Adam Henrique is hit by Wayne Simmonds.
11:12 of 1st period - Tyler Bertuzzi is hit by Michael Del Zotto.
11:31 of 1st period - Icing by Brandon Montour.
11:32 of 1st period - Radek Faksa wins face-off versus Jason Dickinson in Capitals zone.
11:44 of 1st period - Michael Del Zotto is hit by Brady Skjei and loses puck.
12:06 of 1st period - Radek Faksa is hit by Kris Russell and loses puck.
12:22 of 1st period - Icing by Reilly Smith.
12:23 of 1st period - Mikael Granlund wins face-off versus Vladimir Sobotka in Capitals zone.
12:52 of 1st period - Icing by Vladimir Sobotka.
12:53 of 1st period - Vladimir Sobotka wins face-off versus Casey Mittelstadt in Bruins zone.
12:53 of 1st period - Vladimir Sobotka is hit by Kevin Labanc.
13:01 of 1st period - Shot by Brett Kulak.
13:01 of 1st period - Stopped by Michael Hutchinson without a rebound.
13:02 of 1st period - Casey Mittelstadt wins face-off versus Adam Henrique in Bruins zone.
13:02 of 1st period - Kevin Labanc is hit by Brett Pesce and loses puck.
13:13 of 1st period - Shot by Kailer Yamamoto.
13:13 of 1st period - Shot Misses the Net.
13:31 of 1st period - Shot by Tyler Bertuzzi.
13:31 of 1st period - Deflect By Kailer Yamamoto.
13:31 of 1st period - Shot Misses the Net.
14:59 of 1st period - Shot by Jayson Megna.
14:59 of 1st period - Shot Blocked by Mikael Granlund.
15:13 of 1st period - Shot by Reilly Smith.
15:13 of 1st period - Stopped by Michael Hutchinson without a rebound.
15:14 of 1st period - Tanner Fritz wins face-off versus Chandler Stephenson in Bruins zone.
15:27 of 1st period - Shot by Michael Frolik.
15:27 of 1st period - Shot Misses the Net.
15:29 of 1st period - Shot by Markus Nutivaara.
15:29 of 1st period - Stopped by Pekka Rinne with a rebound.
15:37 of 1st period - Shot by Antoine Roussel.
15:37 of 1st period - Shot Misses the Net.
15:44 of 1st period - Shot by Tanner Fritz.
15:44 of 1st period - Shot Misses the Net.
15:46 of 1st period - Shot by Jonathon Merrill.
15:46 of 1st period - Goal by Jonathon Merrill - Capitals : 1 - Bruins : 2.
15:47 of 1st period - Radek Faksa wins face-off versus Casey Mittelstadt in neutral zone.
15:47 of 1st period - Brady Skjei is hit by Josh Anderson and loses puck.
15:53 of 1st period - Jayson Megna is hit by Kris Russell and loses puck.
16:06 of 1st period - Shot by Radek Faksa.
16:06 of 1st period - Stopped by Pekka Rinne without a rebound.
16:07 of 1st period - Jason Dickinson wins face-off versus Vladimir Sobotka in Capitals zone.
16:15 of 1st period - David Kampf is hit by Nicolas Aube-Kubel and loses puck.
17:08 of 1st period - Shot by Jayson Megna.
17:08 of 1st period - Stopped by Pekka Rinne without a rebound.
17:09 of 1st period - Tanner Fritz wins face-off versus Mikael Granlund in Capitals zone.
17:23 of 1st period - Icing by Jonas Siegenthaler.
17:24 of 1st period - Radek Faksa wins face-off versus Mikael Granlund in Capitals zone.
17:35 of 1st period - Shot by Brendan Lemieux.
17:35 of 1st period - Stopped by Pekka Rinne with a rebound.
17:37 of 1st period - Shot by Jayson Megna.
17:37 of 1st period - Shot Hit the Post.
17:47 of 1st period - Shot by Markus Nutivaara.
17:47 of 1st period - Deflect By Radek Faksa.
17:47 of 1st period - Shot Misses the Net.
18:32 of 1st period - Shot by Adam Henrique.
18:32 of 1st period - Stopped by Pekka Rinne with a rebound.
19:02 of 1st period - Icing by Michael Del Zotto.
19:03 of 1st period - Kevin Labanc wins face-off versus Vladimir Sobotka in Capitals zone.
19:03 of 1st period - Kevin Labanc is hit by Nicolas Aube-Kubel.
19:26 of 1st period - Shot by Nicolas Aube-Kubel.
19:26 of 1st period - Deflect By Alex Iafallo.
19:26 of 1st period - Shot Misses the Net.
Goals for this period are 1 for Capitals vs 2 for Bruins.
Shots for this period are 13 for Capitals vs 8 for Bruins.

2nd period


0:01 of 2nd period - Adam Henrique wins face-off versus Mikael Granlund in neutral zone.
0:18 of 2nd period - Shot by Adam Henrique.
0:18 of 2nd period - Shot Misses the Net.
0:25 of 2nd period - Icing by Brandon Montour.
0:26 of 2nd period - Radek Faksa wins face-off versus Mikael Granlund in Capitals zone.
0:37 of 2nd period - Shot by Brendan Lemieux.
0:37 of 2nd period - Shot Misses the Net.
0:39 of 2nd period - Shot by Brett Pesce.
0:39 of 2nd period - Shot Misses the Net.
0:50 of 2nd period - Shot by Brendan Lemieux.
0:50 of 2nd period - Deflect By Radek Faksa.
0:50 of 2nd period - Stopped by Pekka Rinne with a rebound.
0:56 of 2nd period - Shot by Jayson Megna.
0:56 of 2nd period - Shot Hit the Post.
0:58 of 2nd period - Shot by Brendan Lemieux.
0:58 of 2nd period - Shot Misses the Net.
1:11 of 2nd period - Icing by Brandon Montour.
1:12 of 2nd period - Adam Henrique wins face-off versus Mikael Granlund in Capitals zone.
1:17 of 2nd period - Shot by Tyler Bertuzzi.
1:17 of 2nd period - Shot Blocked by Michael Del Zotto.
1:31 of 2nd period - Shot by Tyler Bertuzzi.
1:31 of 2nd period - Stopped by Pekka Rinne without a rebound.
1:32 of 2nd period - Jason Dickinson wins face-off versus Tanner Fritz in Capitals zone.
2:21 of 2nd period - Icing by Adam Henrique.
2:22 of 2nd period - Adam Henrique wins face-off versus Josh Anderson in Bruins zone.
2:32 of 2nd period - Off-side.
2:33 of 2nd period - Radek Faksa wins face-off versus Casey Mittelstadt in neutral zone.
3:11 of 2nd period - Shot by Radek Faksa.
3:11 of 2nd period - Shot Misses the Net.
3:53 of 2nd period - Shot by Chandler Stephenson.
3:53 of 2nd period - Stopped by Michael Hutchinson without a rebound.
3:54 of 2nd period - Jason Dickinson wins face-off versus Vladimir Sobotka in Bruins zone.
3:55 of 2nd period - Shot by David Kampf.
3:55 of 2nd period - Shot Misses the Net.
4:40 of 2nd period - Icing by Markus Nutivaara.
4:41 of 2nd period - Vladimir Sobotka wins face-off versus Mikael Granlund in Bruins zone.
5:01 of 2nd period - Tyler Bertuzzi is hit by Michael Del Zotto and loses puck.
5:10 of 2nd period - Shot by Tyler Bertuzzi.
5:10 of 2nd period - Stopped by Pekka Rinne with a rebound.
5:18 of 2nd period - Shot by Adam Henrique.
5:18 of 2nd period - Stopped by Pekka Rinne without a rebound.
5:19 of 2nd period - Radek Faksa wins face-off versus Casey Mittelstadt in Capitals zone.
5:30 of 2nd period - Shot by Radek Faksa.
5:30 of 2nd period - Shot Misses the Net.
5:32 of 2nd period - Shot by Jayson Megna.
5:32 of 2nd period - Stopped by Pekka Rinne with a rebound.
5:34 of 2nd period - Shot by Jordan Oesterle.
5:34 of 2nd period - Stopped by Pekka Rinne with a rebound.
5:36 of 2nd period - Shot by Jordan Oesterle.
5:36 of 2nd period - Shot Misses the Net.
5:38 of 2nd period - Shot by Radek Faksa.
5:38 of 2nd period - Shot Misses the Net.
5:40 of 2nd period - Shot by Jayson Megna.
5:40 of 2nd period - Shot Misses the Net.
6:37 of 2nd period - Off-side.
6:38 of 2nd period - Tanner Fritz wins face-off versus Mikael Granlund in neutral zone.
6:50 of 2nd period - Off-side.
6:51 of 2nd period - David Kampf wins face-off versus Alex Iafallo in neutral zone.
7:23 of 2nd period - Shot by Alex Iafallo.
7:23 of 2nd period - Shot Blocked by David Kampf.
7:27 of 2nd period - Shot by Alex Iafallo.
7:27 of 2nd period - Shot Misses the Net.
8:51 of 2nd period - Off-side.
8:52 of 2nd period - Casey Mittelstadt wins face-off versus Tanner Fritz in neutral zone.
9:18 of 2nd period - Shot by Antoine Roussel.
9:18 of 2nd period - Shot Blocked by Brett Kulak.
9:20 of 2nd period - Shot by Antoine Roussel.
9:20 of 2nd period - Shot Misses the Net.
9:35 of 2nd period - Minor Penalty to Nicolas Aube-Kubel for Roughing.
9:36 of 2nd period - Jason Dickinson wins face-off versus Adam Henrique in Bruins zone.
10:13 of 2nd period - Icing by Kris Russell.
10:14 of 2nd period - Jason Dickinson wins face-off versus Radek Faksa in Capitals zone.
10:59 of 2nd period - Shot by Mikael Granlund.
10:59 of 2nd period - Stopped by Michael Hutchinson without a rebound.
11:00 of 2nd period - Radek Faksa wins face-off versus Mikael Granlund in Bruins zone.
11:15 of 2nd period - Brian Dumoulin is hit by Mikael Granlund and loses puck.
11:28 of 2nd period - Shot by Michael Del Zotto.
11:28 of 2nd period - Shot Blocked by Jordan Oesterle.
11:56 of 2nd period - Shot by Casey Mittelstadt.
11:56 of 2nd period - Stopped by Michael Hutchinson with a rebound.
12:25 of 2nd period - Michael Frolik is hit by Josh Anderson and loses puck.
12:56 of 2nd period - Icing by David Kampf.
12:57 of 2nd period - Jason Dickinson wins face-off versus Radek Faksa in Capitals zone.
13:34 of 2nd period - Shot by Radek Faksa.
13:34 of 2nd period - Stopped by Pekka Rinne without a rebound.
13:35 of 2nd period - Mikael Granlund wins face-off versus Adam Henrique in Capitals zone.
13:42 of 2nd period - Brett Pesce is hit by Reilly Smith and loses puck.
14:08 of 2nd period - Off-side.
14:09 of 2nd period - Josh Anderson wins face-off versus Vladimir Sobotka in neutral zone.
14:14 of 2nd period - Shot by Kevin Labanc.
14:14 of 2nd period - Stopped by Michael Hutchinson with a rebound.
14:20 of 2nd period - Shot by Josh Anderson.
14:20 of 2nd period - Shot Misses the Net.
14:22 of 2nd period - Shot by Casey Mittelstadt.
14:22 of 2nd period - Stopped by Michael Hutchinson without a rebound.
14:22 of 2nd period - Michael Hutchinson from Bruins is injured at 14:22 of 2nd period (Bruised Left Shoulder).
14:22 of 2nd period - Tristan Jarry enters game.
14:23 of 2nd period - Chandler Stephenson wins face-off versus Radek Faksa in Bruins zone.
14:30 of 2nd period - Shot by Chandler Stephenson.
14:30 of 2nd period - Stopped by Tristan Jarry without a rebound.
14:31 of 2nd period - Adam Henrique wins face-off versus Casey Mittelstadt in Bruins zone.
14:31 of 2nd period - Adam Henrique is hit by Josh Anderson.
14:41 of 2nd period - Shot by Tyler Bertuzzi.
14:41 of 2nd period - Stopped by Pekka Rinne without a rebound.
14:42 of 2nd period - Radek Faksa wins face-off versus Mikael Granlund in Capitals zone.
14:42 of 2nd period - Radek Faksa is hit by Kris Russell.
14:50 of 2nd period - Radek Faksa is hit by Bobby Ryan and loses puck.
15:05 of 2nd period - Shot by Mikael Granlund.
15:05 of 2nd period - Shot Misses the Net.
15:07 of 2nd period - Shot by Reilly Smith.
15:07 of 2nd period - Shot Misses the Net.
15:09 of 2nd period - Shot by Mikael Granlund.
15:09 of 2nd period - Stopped by Tristan Jarry without a rebound.
15:10 of 2nd period - Jason Dickinson wins face-off versus Adam Henrique in Bruins zone.
15:12 of 2nd period - Minor Penalty to Brian Dumoulin for Holding.
15:13 of 2nd period - Adam Henrique wins face-off versus Wayne Simmonds in Bruins zone.
15:13 of 2nd period - Adam Henrique is hit by Wayne Simmonds.
15:35 of 2nd period - Shot by David Kampf.
15:35 of 2nd period - Shot Misses the Net.
15:37 of 2nd period - Shot by Brandon Montour.
15:37 of 2nd period - Stopped by Tristan Jarry without a rebound.
15:38 of 2nd period - Adam Henrique wins face-off versus Mikael Granlund in Bruins zone.
15:38 of 2nd period - Brett Pesce is hit by Bobby Ryan and loses puck.
15:59 of 2nd period - Shot by Mikael Granlund.
15:59 of 2nd period - Shot Misses the Net.
16:01 of 2nd period - Shot by Reilly Smith.
16:01 of 2nd period - Shot Misses the Net.
16:15 of 2nd period - Shot by Bobby Ryan.
16:15 of 2nd period - Stopped by Tristan Jarry without a rebound.
16:16 of 2nd period - Adam Henrique wins face-off versus Jason Dickinson in Bruins zone.
16:16 of 2nd period - Adam Henrique is hit by Jason Dickinson.
16:48 of 2nd period - Shot by Jason Dickinson.
16:48 of 2nd period - Shot Blocked by Brady Skjei.
16:50 of 2nd period - Shot by Wayne Simmonds.
16:50 of 2nd period - Shot Blocked by Brett Pesce.
16:52 of 2nd period - Shot by Wayne Simmonds.
16:52 of 2nd period - Shot Misses the Net.
16:54 of 2nd period - Shot by David Kampf.
16:54 of 2nd period - Deflect By Wayne Simmonds.
16:54 of 2nd period - Shot Blocked by Brady Skjei.
17:26 of 2nd period - Shot by Kevin Labanc.
17:26 of 2nd period - Shot Misses the Net.
17:50 of 2nd period - Minor Penalty to Josh Anderson for Hooking.
17:51 of 2nd period - Adam Henrique wins face-off versus Mikael Granlund in Capitals zone.
17:51 of 2nd period - Tyler Bertuzzi is hit by Riley Stillman and loses puck.
18:04 of 2nd period - Shot by Adam Henrique.
18:04 of 2nd period - Shot Blocked by Riley Stillman.
Goals for this period are 0 for Capitals vs 0 for Bruins.
Shots for this period are 9 for Capitals vs 8 for Bruins.

3rd period


0:01 of 3rd period - Adam Henrique wins face-off versus Mikael Granlund in neutral zone.
1:01 of 3rd period - Shot by David Kampf.
1:01 of 3rd period - Shot Misses the Net.
1:03 of 3rd period - Shot by Kris Russell.
1:03 of 3rd period - Stopped by Tristan Jarry without a rebound.
1:04 of 3rd period - Radek Faksa wins face-off versus Casey Mittelstadt in Bruins zone.
1:41 of 3rd period - Shot by Radek Faksa.
1:41 of 3rd period - Deflect By Jayson Megna.
1:41 of 3rd period - Stopped by Pekka Rinne with a rebound.
1:43 of 3rd period - Shot by Radek Faksa.
1:43 of 3rd period - Shot Blocked by Jonas Siegenthaler.
2:02 of 3rd period - Off-side.
2:03 of 3rd period - Jason Dickinson wins face-off versus Antoine Roussel in neutral zone.
2:18 of 3rd period - Shot by Wayne Simmonds.
2:18 of 3rd period - Stopped by Tristan Jarry without a rebound.
2:19 of 3rd period - Vladimir Sobotka wins face-off versus Mikael Granlund in Bruins zone.
2:19 of 3rd period - Vladimir Sobotka is hit by Bobby Ryan.
2:26 of 3rd period - Alex Iafallo is hit by Brandon Montour and loses puck.
2:40 of 3rd period - Shot by Alex Iafallo.
2:40 of 3rd period - Stopped by Pekka Rinne without a rebound.
2:41 of 3rd period - David Kampf wins face-off versus Adam Henrique in Capitals zone.
2:47 of 3rd period - Adam Henrique is hit by Kris Russell.
3:07 of 3rd period - Shot by Jason Dickinson.
3:07 of 3rd period - Shot Misses the Net.
3:43 of 3rd period - Minor Penalty to Michael Del Zotto for Roughing.
3:44 of 3rd period - Radek Faksa wins face-off versus Mikael Granlund in Capitals zone.
3:45 of 3rd period - Shot by Brian Dumoulin.
3:45 of 3rd period - Shot Misses the Net.
3:47 of 3rd period - Shot by Jayson Megna.
3:47 of 3rd period - Shot Misses the Net.
3:49 of 3rd period - Shot by Brian Dumoulin.
3:49 of 3rd period - Stopped by Pekka Rinne without a rebound.
3:50 of 3rd period - Radek Faksa wins face-off versus Mikael Granlund in Capitals zone.
3:59 of 3rd period - Shot by Brian Dumoulin.
3:59 of 3rd period - Stopped by Pekka Rinne with a rebound.
5:59 of 3rd period - Alex Iafallo is hit by Michael Del Zotto and loses puck.
6:19 of 3rd period - Alex Iafallo is hit by Michael Del Zotto and loses puck.
7:24 of 3rd period - Shot by Tyler Bertuzzi.
7:24 of 3rd period - Stopped by Pekka Rinne without a rebound.
7:25 of 3rd period - Casey Mittelstadt wins face-off versus Vladimir Sobotka in Capitals zone.
7:25 of 3rd period - Casey Mittelstadt is hit by Vladimir Sobotka.
7:26 of 3rd period - Minor Penalty to Vladimir Sobotka for Roughing.
7:27 of 3rd period - Kaapo Kakko wins face-off versus Adam Henrique in Bruins zone.
8:23 of 3rd period - Shot by Brandon Montour.
8:23 of 3rd period - Shot Blocked by Brett Pesce.
8:25 of 3rd period - Shot by Michael Del Zotto.
8:25 of 3rd period - Shot Blocked by Brett Pesce.
8:27 of 3rd period - Shot by David Kampf.
8:27 of 3rd period - Stopped by Tristan Jarry without a rebound.
8:28 of 3rd period - Adam Henrique wins face-off versus Mikael Granlund in Bruins zone.
8:53 of 3rd period - Shot by Mikael Granlund.
8:53 of 3rd period - Stopped by Tristan Jarry with a rebound.
8:55 of 3rd period - Shot by Reilly Smith.
8:55 of 3rd period - Stopped by Tristan Jarry without a rebound.
8:56 of 3rd period - Jason Dickinson wins face-off versus Adam Henrique in Bruins zone.
9:22 of 3rd period - Shot by Wayne Simmonds.
9:22 of 3rd period - Stopped by Tristan Jarry without a rebound.
9:23 of 3rd period - Mikael Granlund wins face-off versus Radek Faksa in Bruins zone.
9:38 of 3rd period - Shot by Josh Anderson.
9:38 of 3rd period - Shot Blocked by Michael Frolik.
9:40 of 3rd period - Shot by Casey Mittelstadt.
9:40 of 3rd period - Shot Blocked by Tanner Fritz.
10:30 of 3rd period - Shot by Alex Iafallo.
10:30 of 3rd period - Stopped by Pekka Rinne without a rebound.
10:31 of 3rd period - Adam Henrique wins face-off versus Jason Dickinson in Capitals zone.
10:40 of 3rd period - Shot by Tyler Bertuzzi.
10:40 of 3rd period - Stopped by Pekka Rinne without a rebound.
10:41 of 3rd period - Radek Faksa wins face-off versus Mikael Granlund in Capitals zone.
11:18 of 3rd period - Shot by Reilly Smith.
11:18 of 3rd period - Stopped by Tristan Jarry without a rebound.
11:19 of 3rd period - Jason Dickinson wins face-off versus Adam Henrique in Bruins zone.
11:28 of 3rd period - Icing by Brett Pesce.
11:29 of 3rd period - Adam Henrique wins face-off versus Josh Anderson in Bruins zone.
11:29 of 3rd period - Adam Henrique is hit by Josh Anderson.
12:19 of 3rd period - Icing by Brett Pesce.
12:20 of 3rd period - Tyler Bertuzzi wins face-off versus Mikael Granlund in Bruins zone.
12:43 of 3rd period - Icing by Michael Del Zotto.
12:44 of 3rd period - Vladimir Sobotka wins face-off versus Mikael Granlund in Capitals zone.
13:03 of 3rd period - Shot by Reilly Smith.
13:03 of 3rd period - Shot Misses the Net.
13:05 of 3rd period - Shot by Mikael Granlund.
13:05 of 3rd period - Deflect By Reilly Smith.
13:05 of 3rd period - Shot Blocked by Alex Iafallo.
13:19 of 3rd period - Shot by David Kampf.
13:19 of 3rd period - Shot Misses the Net.
13:53 of 3rd period - Shot by Jayson Megna.
13:53 of 3rd period - Stopped by Pekka Rinne without a rebound.
13:54 of 3rd period - Casey Mittelstadt wins face-off versus Tyler Bertuzzi in Capitals zone.
13:54 of 3rd period - Kevin Labanc is hit by Kailer Yamamoto and loses puck.
14:07 of 3rd period - Shot by Adam Henrique.
14:07 of 3rd period - Stopped by Pekka Rinne without a rebound.
14:08 of 3rd period - Chandler Stephenson wins face-off versus Radek Faksa in Capitals zone.
14:34 of 3rd period - Brendan Lemieux is hit by Michael Del Zotto and loses puck.
14:40 of 3rd period - Minor Penalty to Brendan Lemieux for Hooking.
14:41 of 3rd period - Adam Henrique wins face-off versus David Kampf in Bruins zone.
14:54 of 3rd period - Shot by Wayne Simmonds.
14:54 of 3rd period - Shot Misses the Net.
15:52 of 3rd period - Shot by Michael Del Zotto.
15:52 of 3rd period - Stopped by Tristan Jarry with a rebound.
15:54 of 3rd period - Shot by Mikael Granlund.
15:54 of 3rd period - Stopped by Tristan Jarry without a rebound.
15:55 of 3rd period - Adam Henrique wins face-off versus Mikael Granlund in Bruins zone.
16:11 of 3rd period - Icing by Michael Del Zotto.
16:12 of 3rd period - Mikael Granlund wins face-off versus Adam Henrique in Capitals zone.
17:05 of 3rd period - Off-side.
17:06 of 3rd period - Jason Dickinson wins face-off versus Tanner Fritz in neutral zone.
17:08 of 3rd period - David Kampf is hit by Brian Dumoulin and loses puck.
17:15 of 3rd period - Shot by Michael Frolik.
17:15 of 3rd period - Stopped by Pekka Rinne without a rebound.
17:16 of 3rd period - Tanner Fritz wins face-off versus Chandler Stephenson in Capitals zone.
17:16 of 3rd period - Michael Frolik is hit by Kris Russell and loses puck.
17:41 of 3rd period - Brian Dumoulin is hit by Chandler Stephenson and loses puck.
18:02 of 3rd period - Michael Frolik is hit by Vinnie Hinostroza and loses puck.
18:18 of 3rd period - Icing by Brady Skjei.
18:19 of 3rd period - Tanner Fritz wins face-off versus Jason Dickinson in Bruins zone.
19:31 of 3rd period - Alex Iafallo is hit by Brandon Montour and loses puck.
19:42 of 3rd period - Shot by Alex Iafallo.
19:42 of 3rd period - Goal by Alex Iafallo - Capitals : 1 - Bruins : 3.
19:43 of 3rd period - Radek Faksa wins face-off versus Casey Mittelstadt in neutral zone.
19:50 of 3rd period - Shot by Radek Faksa.
19:50 of 3rd period - Shot Misses the Net.
Goals for this period are 0 for Capitals vs 1 for Bruins.
Shots for this period are 9 for Capitals vs 11 for Bruins.